Map: Mementos LE

Players

WiN - Winner!

  • Race: Zerg Zerg
  • League: Diamond
  • Spawn Location: 6:00

Shiro - Winner!

  • Race: Zerg Zerg
  • Spawn Location: 9:00

SUPERBRUNO - Winner!

  • Race: Zerg Zerg
  • League: Diamond
  • Spawn Location: 9:00

Bito - Winner!

  • Race: Terran Terran
  • League: Diamond
  • Spawn Location: 7:00

Sasak

  • Race: Zerg Zerg
  • Spawn Location: 12:00

Vamp

  • Race: Protoss Protoss
  • Spawn Location: 1:00

TerranMaster

  • Race: Zerg Zerg
  • Spawn Location: 3:00

guiltyorphan

  • Race: Protoss Protoss
  • League: Gold
  • Spawn Location: 3:00

VOD

Have the link to the VOD?

Description

Time

  • Played on: May 24, 2020, 7:49 a.m.
  • Length: 5:53
Show
View Real Time Build Order
Export as new Build Order

WiN Zerg - Winner!

Build Orders: Hatch First 

Get SALT Encoding   

  12  0:10  Overlord  
  12  0:13  Drone  
  13  0:20  Drone  
  14  0:35  Drone x2  
  16  0:45  Drone  
  17  0:56  Hatchery  
  16  0:59  Drone  
  16  1:03  Extractor  
  16  1:06  Drone  
  17  1:18  Spawning Pool  
  17  1:23  Drone  
  17  1:27  Drone  
  18  1:37  Drone  
  19  1:54  Hatchery  
  19  1:57  Drone  
  19  2:06  Queen  
  21  2:14  Metabolic Boost  
  21  2:22  Queen  
  21  2:27  Zergling x2  
  21  2:29  Zergling x2  
  25  2:32  Zergling x2  
  25  2:35  Zergling x2  
  27  2:40  Overlord  
  27  2:51  Overlord  
  27  2:54  Zergling x2  
  28  3:01  Zergling x8  
  32  3:06  Zergling x4  
  32  3:10  Zergling x2  
  35  3:17  Zergling x6  
  35  3:19  Zergling x2  
  39  3:24  Zergling x2  
  40  3:29  Zergling x4  
  42  3:40  Zergling x8  
  46  3:47  Zergling x4  
  48  3:52  Zergling x4  
  48  3:58  Zergling x4  
  48  3:59  Zergling x2  
  45  4:07  Zergling x6  
  44  4:16  Zergling x6  
  47  4:21  Zergling x2  
  46  4:26  Zergling x4  
  46  4:32  Zergling x6  
  49  4:42  Zergling x2  
  49  4:48  Overlord x2  
  49  4:56  Drone  
  50  5:13  Zergling x2  
  50  5:14  Zergling x16  
  58  5:30  Drone x3  
  58  5:31  Drone x3  
Show
View Real Time Build Order
Export as new Build Order

Shiro Zerg - Winner!

Build Orders: Hatch First 

Get SALT Encoding   

  12  0:01  Drone  
  13  0:08  Drone  
  14  0:17  Overlord  
  14  0:35  Drone x3  
  17  0:47  Drone  
  18  0:57  Hatchery  
  17  0:58  Drone  
  17  1:01  Extractor  
  17  1:15  Spawning Pool  
  17  1:17  Drone  
  17  1:20  Drone  
  18  1:29  Drone  
  19  1:39  Overlord  
  19  1:50  Drone  
  20  2:06  Queen, Roach Warren  
  21  2:08  Queen  
  21  2:11  Drone  
  21  2:13  Drone  
  25  2:17  Drone  
  25  2:21  Drone  
  27  2:24  Drone  
  28  2:41  Overlord  
  28  2:47  Roach  
  28  2:48  Roach x2  
  34  2:51  Roach  
  34  2:57  Overlord  
  36  3:03  Roach  
  38  3:08  Roach  
  40  3:17  Roach x3  
  40  3:18  Roach  
  48  3:21  Roach  
  48  3:23  Roach  
  52  3:27  Overlord  
  52  3:46  Drone x3  
  52  3:47  Drone x2  
  57  3:50  Drone x2  
  57  3:53  Lair  
  57  3:55  Drone  
  60  4:00  Overlord  
  61  4:24  Drone  
  61  4:34  Drone x3  
  61  4:35  Drone  
  65  4:41  Drone  
  65  4:42  Drone  
  65  4:45  Drone  
  68  4:49  Hatchery  
  67  4:54  Extractor  
  67  4:55  Drone x2, Extractor x2  
  66  5:03  Drone x2  
  66  5:04  Overlord x2  
  60  5:17  Ravager x3  
Show
View Real Time Build Order
Export as new Build Order

SUPERBRUNO Zerg - Winner!

Build Orders: Pool First 

Get SALT Encoding   

  12  0:03  Drone  
  13  0:13  Drone  
  14  0:31  Spawning Pool  
  14  0:33  Drone, Extractor  
  14  0:34  Extractor  
  12  0:43  Drone  
  12  0:46  Drone  
  14  0:53  Overlord  
  14  1:08  Overlord  
  14  1:15  Drone  
  15  1:29  Metabolic Boost  
  15  1:33  Drone  
  15  1:39  Zergling x4  
  18  1:46  Queen  
  20  1:51  Zergling x2  
  21  2:00  Zergling x2  
  22  2:14  Zergling x2  
  23  2:19  Hatchery  
  22  2:24  Zergling x2  
  23  2:32  Zergling x2  
  24  2:46  Zergling x2  
  25  2:59  Overlord  
  25  3:06  Zergling x2  
  25  3:07  Zergling x4  
  25  3:09  Zergling x2  
  26  3:23  Zergling x2  
  25  3:34  Zergling x2  
  25  3:35  Zergling x2  
  25  3:37  Zergling x4  
  25  3:38  Zergling x2  
  27  3:44  Hatchery  
  26  3:49  Zergling x4  
  28  3:57  Zergling x2  
  28  4:02  Zergling x2  
  30  4:05  Zergling x2  
  31  4:10  Zergling x2  
  31  4:16  Zergling x2  
  32  4:23  Zergling x2  
  31  4:26  Zergling x2  
  31  4:33  Zergling x2  
  31  4:37  Zergling x2  
  31  4:42  Drone  
  32  4:48  Zergling x2  
  33  4:54  Zergling x2  
  33  4:59  Zergling x2  
  36  5:00  Zergling x2  
  36  5:04  Drone  
  33  5:09  Drone x2  
  32  5:15  Zergling x2  
  29  5:22  Zergling x4  
  29  5:26  Zergling x2  
  32  5:30  Zergling x4  
Show
View Real Time Build Order
Export as new Build Order

Bito Terran - Winner!

Build Orders: Reaper Expand 

Get SALT Encoding   

  12  0:02  SCV  
  13  0:14  SCV  
  13  0:18  Supply Depot  
  14  0:26  SCV  
  15  0:40  SCV  
  15  0:41  Barracks  
  16  0:47  Refinery  
  16  0:52  SCV  
  17  1:04  SCV  
  18  1:16  SCV  
  19  1:28  Orbital Command  
  19  1:30  Reaper  
  20  1:44  Command Center  
  20  1:56  Barracks  
  20  1:58  SCV  
  21  2:10  SCV  
  21  2:14  Factory  
  22  2:20  Supply Depot  
  22  2:24  Refinery  
  22  2:50  SCV  
  23  2:59  Factory Reactor  
  23  3:00  Barracks Reactor  
  23  3:01  Barracks Tech Lab  
  23  3:11  SCV  
  24  3:17  Starport  
  25  3:20  Orbital Command  
  25  3:24  Marine  
  25  3:36  Marine  
  25  3:37  Marine  
  25  3:38  Stimpack  
  27  3:41  SCV  
  27  3:42  Marine  
  27  3:48  SCV  
  30  3:53  SCV  
  30  3:54  Marine  
  30  3:55  Marine  
  33  4:00  SCV, Marine  
  33  4:01  Medivac  
  37  4:05  SCV  
  38  4:11  Supply Depot  
  38  4:12  SCV, Marine x2  
  38  4:13  Medivac  
  43  4:17  SCV, Marine  
  43  4:19  Supply Depot  
  45  4:24  SCV  
  45  4:28  Factory Tech Lab  
  46  4:32  SCV, Marine  
  46  4:34  Supply Depot  
  46  4:36  SCV  
  46  4:37  Marine x2  
  51  4:41  Supply Depot  
  51  4:45  SCV  
  52  4:50  Marine  
  53  4:54  SCV  
  53  4:55  Viking, Marine x2  
  53  4:57  SCV  
  59  5:08  Marine  
  59  5:09  SCV  
  59  5:13  Marine  
  59  5:14  Marauder, SCV  
  65  5:17  Refinery  
  65  5:21  Siege Tank, Supply Depot  
  68  5:26  Marine  
  69  5:31  Marine  
Show
View Real Time Build Order
Export as new Build Order

Sasak Zerg 

Build Orders: Hatch First 

Get SALT Encoding   

  12  0:14  Drone  
  12  0:15  Overlord  
  12  0:18  Drone  
  14  0:42  Drone x2  
  16  0:52  Hatchery  
  15  0:57  Drone  
  15  1:00  Drone  
  17  1:15  Spawning Pool  
  16  1:19  Drone  
  16  1:23  Drone  
  18  1:30  Drone  
  19  1:34  Extractor  
  18  1:42  Overlord  
  18  1:52  Drone  
  19  2:03  Queen  
  19  2:04  Queen  
  23  2:09  Drone x2  
  23  2:14  Drone  
  26  2:17  Drone  
  27  2:22  Extractor  
  27  2:23  Drone  
  27  2:28  Drone  
  28  2:34  Metabolic Boost  
  28  2:36  Zergling x2  
  29  2:44  Zergling x2  
  30  2:51  Drone x2  
  32  2:58  Zergling x2  
  33  3:01  Zergling x2  
  34  3:10  Spine Crawler  
  34  3:11  Queen  
  35  3:13  Spine Crawler  
  35  3:14  Zergling x4  
  36  3:22  Overlord  
  36  3:34  Overlord  
  36  3:36  Overlord  
  36  3:37  Overlord  
  35  3:51  Zergling x2  
  35  3:52  Zergling x8  
  35  4:02  Zergling x2  
  36  4:03  Zergling x2  
  36  4:06  Burrow  
  37  4:50  Zergling x4  
  37  4:51  Zergling x6  
  42  4:53  Zergling x4  
  42  4:54  Zergling x8  
  31  5:30  Zergling x6  
  31  5:36  Zergling x6  
Show
View Real Time Build Order
Export as new Build Order

Vamp Protoss 

Build Orders:  

Get SALT Encoding   

  12  0:02  Probe  
  13  0:19  Probe  
  14  0:31  Probe  
  15  0:39  Pylon  
  15  0:46  Assimilator  
  15  0:48  Assimilator  
  15  0:57  Probe  
  16  1:09  Probe  
  16  1:10  Forge  
  17  1:21  Probe  
  18  1:33  Probe  
  19  1:45  Probe  
  19  1:46  Pylon  
  20  1:53  Gateway  
  20  1:56  Gateway  
  20  1:57  Probe  
  21  2:10  Probe  
  22  2:25  Nexus  
  22  2:48  Photon Cannon  
  22  2:51  Photon Cannon  
  22  3:10  Zealot  
  22  3:12  Zealot  
  26  3:16  Probe  
  26  3:28  Probe  
  27  3:40  Probe  
  27  3:41  Probe  
  29  3:44  Zealot  
  29  3:45  Zealot  
  33  3:52  Probe  
  33  3:53  Probe  
  35  4:00  Pylon  
  35  4:04  Probe  
  35  4:16  Probe  
  10  4:28  Probe  
Show
View Real Time Build Order
Export as new Build Order

TerranMaster Zerg 

Build Orders: Hatch First 

Get SALT Encoding   

  12  0:05  Drone  
  13  0:10  Drone  
  14  0:26  Overlord  
  14  0:50  Drone x2  
  14  0:51  Hatchery  
  14  0:54  Drone  
  16  1:15  Drone x2  
  18  1:19  Spawning Pool  
  18  1:22  Extractor  
  18  1:23  Drone  
  17  1:41  Drone  
  18  1:58  Drone x2  
  20  2:01  Hatchery  
  19  2:09  Drone  
  20  2:18  Drone  
  20  2:19  Drone  
  22  2:23  Drone  
  22  2:26  Extractor  
  22  2:33  Zergling x2  
  22  2:36  Zergling x2  
  24  2:38  Drone  
  25  2:47  Metabolic Boost  
  25  3:00  Drone x2  
  27  3:06  Zergling x2  
  27  3:08  Overlord x2  
  26  3:37  Zergling x2  
  26  3:38  Zergling x2  
  26  3:40  Drone x3  
  31  3:44  Extractor  
  31  3:45  Queen  
  31  3:46  Extractor  
  31  3:49  Lair  
  31  3:51  Queen  
  31  3:53  Drone x3  
  35  4:03  Zergling x6  
  35  4:04  Zergling x4  
  40  4:21  Zergling x2  
  41  4:28  Zergling x2  
  37  4:36  Lair  
  25  4:46  Spawning Pool  
Show
View Real Time Build Order
Export as new Build Order

guiltyorphan Protoss 

Build Orders:  

Get SALT Encoding   

  12  0:02  Probe  
  13  0:14  Probe  
  14  0:23  Pylon  
  14  0:27  Probe  
  15  0:30  Assimilator  
  15  0:41  Probe (Chrono Boost)  
  16  0:51  Probe (Chrono Boost)  
  16  0:54  Gateway  
  16  0:56  Probe (Chrono Boost)  
  18  1:08  Probe (Chrono Boost)  
  19  1:18  Probe (Chrono Boost), Pylon  
  20  1:23  Probe (Chrono Boost)  
  21  1:28  Gateway  
  21  1:34  Probe  
  22  1:44  Cybernetics Core  
  22  1:52  Probe  
  22  1:53  Assimilator  
  23  2:04  Probe  
  24  2:10  Pylon  
  24  2:16  Probe  
  24  2:21  Pylon  
  25  2:24  Adept (Chrono Boost)  
  29  2:32  Adept (Chrono Boost)  
  27  2:52  Adept  
  27  2:55  Adept  
  19  3:22  Adept  
  21  3:33  Probe (Chrono Boost)  
  22  3:43  Probe (Chrono Boost)  
  23  3:48  Probe (Chrono Boost)  
  23  3:51  Pylon  
  23  3:59  Probe  
  23  4:01  Zealot x2  
  23  4:12  Probe  
Tags
 
Add a new tag
Caveats
  • Supply blocks, unpowered buildings, or Contaminate may cause inaccurate times.
  • Supply counts are checked every 10 seconds.